AoeStats
← Morrión

Fortress

509134094Analyzed
2v2 RM · 8d ago on Sep 25, 2026· 48m 42s· 4 players
Game mode
Random Map
Map size
Normal (6 player)
Population
200
Speed
Normal
Resources
Standard
Victory
Conquest
Starting age
Dark Age
Ending age
Imperial Age
RankedLock teamsTeams togetherTeam positionsShared explorationLock speedFull tech treeHidden civsTurbo modeCheats
Victory
Defeat
🇪🇸 Varangians · Spain
1355
+15
🇪🇸 Danes · Spain
1354
+15
🇪🇸 Goths · Spain
1329
-15
🇪🇸 Italians · Spain
1329
-15
ortix
8:28 Feudal Age
11:59 Castle Age
9:54 Double-Bit Axe
9:50 Horse Collar
10:26 Gold Mining
15:35 Imperial Age
13:53 Scale Mail Armor
14:37 Forging
15:18 Chain Mail Armor
16:08 Iron Casting
16:19 Squires
20:48 Blast Furnace
20:50 Loom
21:20 Bow Saw
22:01 Heavy Plow
22:24 Conscription
23:04 Wheelbarrow
22:16 Town Watch
23:48 Crop Rotation
24:20 Fletching
27:55 Bodkin Arrow
29:32 Bracer
43:14 Hand Cart
matagilis
7:19 Feudal Age
8:03 Double-Bit Axe
7:59 Horse Collar
8:59 Wheelbarrow
20:02 Gold Mining
21:13 Loom
23:48 Castle Age
21:56 Fletching
22:06 Padded Archer Armor
26:59 Imperial Age
25:13 Bow Saw
24:58 Stone Mining
26:09 Ballistics
25:58 Bodkin Arrow
26:03 Loom
26:33 Hand Cart
26:08 Town Watch
26:10 Loom
31:49 Conscription
32:31 Leather Archer Armor
32:16 Bracer
33:17 Heavy Plow
34:08 Ring Archer Armor
34:46 Chemistry
40:28 Elite Genoese Crossbowman
43:37 Thumb Ring
Morrión
8:02 Feudal Age
10:03 Loom
12:31 Castle Age
11:54 Scale Barding Armor
11:35 Horse Collar
11:41 Double-Bit Axe
13:36 Heavy Plow
14:45 Forging
20:59 Loom
22:42 Iron Casting
22:42 Bloodlines
23:11 Husbandry
24:35 Wheelbarrow
24:13 Town Watch
28:21 Chain Barding Armor
30:15 Hand Cart
33:58 Imperial Age
32:08 Bow Saw
32:11 Fletching
35:22 Plate Barding Armor
35:52 Blast Furnace
35:30 Conscription
36:14 Ballistics
36:05 Masonry
35:51 Murder Holes
36:57 Chemistry
38:51 Two-Man Saw
38:20 Elite Jarl
41:25 Elite Skirmisher
juanca12
7:36 Feudal Age
11:34 Castle Age
9:39 Double-Bit Axe
9:35 Horse Collar
14:25 Scale Mail Armor
15:17 Bow Saw
18:49 Squires
20:15 Wheelbarrow
20:59 Loom
23:17 Hand Cart
23:51 Chain Mail Armor
24:12 Heavy Plow
26:52 Forging
26:31 Arson
28:34 Iron Casting
28:48 Fletching
28:58 Padded Archer Armor
28:48 Hamask
30:44 Bodkin Arrow
31:04 Leather Archer Armor
30:26 Elite Skirmisher
36:07 Imperial Age
35:00 Gold Mining
37:20 Conscription
37:13 Bracer
37:44 Ring Archer Armor
37:16 Elite Jomsviking
39:02 Blast Furnace
38:35 Plate Mail Armor
39:52 Ballistics
40:33 Chemistry
41:13 Onager
42:03 Siege Engineers
42:57 Siege Onager
44:38 Northmen's Fury
47:45 Caravan
Connection lost

Rejoining the realm…

Still unreachable

The connection could not be restored.

Session expired

The server has moved on; the page needs a fresh start.